 Dungeon Crawl Stone Soup version 0.22-a0-469-gf26638a (webtiles) character file.

420 4thArraOfDagon the Slasher (level 6, -18/56 HPs)
             Began as a Minotaur Monk on June 13, 2018.
             Was a Believer of Ashenzari.
             Killed from afar by Pikel (23 damage)
             ... with a wand of acid (9)
             ... on level 4 of the Dungeon.
             The game lasted 00:04:09 (704 turns).

4thArraOfDagon the Slasher (Minotaur Monk)           Turns: 704, Time: 00:04:09

Health: -18/56     AC:  3    Str: 15    XL:     6   Next: 62%
Magic:  5/5        EV: 15    Int: 13    God:    Ashenzari [**....]
Gold:   69         SH:  0    Dex: 16    Spells: 5/5 levels left

rFire    . . .     SeeInvis .   h - +0 battleaxe (freeze)
rCold    . . .     Gourm    .   (shield currently unavailable)
rNeg     . . .     Faith    .   e - +0 leather armour of the Barracuda {Int+4 Dex+3 Slay+5}
rPois    .         Spirit   .   (helmet restricted)
rElec    .         Reflect  .   (no cloak)
rCorr    .         Harm     .   (no gloves)
MR       .....                  (no boots)
Stlth    ++........             (no amulet)
HPRegen  0.18/turn              (no ring)
MPRegen  0.09/turn              (no ring)

@: no status effects
A: retaliatory headbutt, horns 2
a: Curse Item, Scrying, Renounce Religion


You were on level 4 of the Dungeon.
You worshipped Ashenzari.
Ashenzari was pleased with you.
You were not hungry.

You visited 1 branch of the dungeon, and saw 7 of its levels.

You collected 69 gold pieces.

Inventory:

Hand Weapons
 h - a +0 battleaxe of freezing (weapon)
Armour
 b - a +0 robe
 e - the +0 leather armour of the Barracuda (worn) {Int+4 Dex+3 Slay+5}
   (You found it on level 5 of the Dungeon)

   It affects your intelligence (+4).
   It affects your dexterity (+3).
   It affects your accuracy and damage with ranged weapons and melee attacks
   (+5).
Wands
 i - a wand of iceblast (4)
Scrolls
 a - a scroll of identify
Comestibles
 c - 3 rations


   Skills:
 + Level 5.5 Fighting
   Level 5.9 Long Blades
 * Level 3.2 Axes
 + Level 5.0 Dodging
 - Level 1.5 Stealth


You had 5 spell levels left.
You didn't know any spells.
Your spell library was empty.

Dungeon Overview and Level Annotations

Branches:
Dungeon (7/15)
 Temple: D:4-7

Altars:
Ashenzari

Portals:
Sewer: D:4

Annotations:
D:4 Pikel
D:5 Edmund


Innate Abilities, Weirdness & Mutations

You reflexively headbutt those who attack you in melee.
You have a pair of horns on your head.


Message History

You barely miss the slave.
Pikel the Slaver comes into view.
Ashenzari warns you: He is wielding a whip of electrocution and carrying a wand of acid (9).
The slave barely misses you. You furiously retaliate!
You headbutt the slave! The slave hits you.
* * * LOW HITPOINT WARNING * * *
Unknown command.
There is a stone staircase leading down here.
Unknown command.
You slash the slave! You freeze the slave.
You kill the slave!
That felt strangely unrewarding.
The orc hits you with a dagger.
* * * LOW HITPOINT WARNING * * *
Unknown command.
Unknown command.
You slice the orc!! You freeze the orc.
You kill the orc!
You hear the rapid rusting of a distant drain.
Pikel zaps a wand.
The bolt of acid hits you!
You die...

####**** *,**,,,,*
#..,,,,**#.#***,,, #####
#.#***,#....,,,,**
#####...###.####.#....,,,,*
#.....)...............,*,,*
#.##......#.####[....,,,,,*
*,##.#.##.#..........,,*,,*
*,#...)##......)#...,,,,,,*
*,#..#.##..@).).#,#*,,,**,**
*,#.............#.##..#**,,,
#......##.......K......,,,,,
#.....###.......##.#...,,,,,
#.....* #.......#*,#*,,*****
#.....* #.......#*,*,,,*
#.....* ###.#####*,*,*,*
#.....***..#.*****>,,,,*
###.****...,..,,,,,,,***


You could see Pikel.

Vanquished Creatures
  Duvessa (D:4)
  A slave (D:4)
  An ogre (D:7)
  Dowan (D:4)
  A howler monkey (D:6)
  A crimson imp (D:6)
  An orc wizard (D:4)
  A hound (D:5)
  2 adders
  A leopard gecko (D:7)
  9 orcs
  A goblin (D:3)
  4 hobgoblins
  2 kobolds (D:2)
  A frilled lizard (D:2)
  2 rats (D:2)
30 creatures vanquished.

Notes
Turn   | Place    | Note
-------+----------+-------------------------------------------
     0 | D:1      | 4thArraOfDagon the Minotaur Monk began the quest for the Orb.
     0 | D:1      | Reached XP level 1. HP: 19/19 MP: 0/0
    36 | D:2      | Reached XP level 2. HP: 13/27 MP: 1/1
   167 | D:4      | Found a glowing drain.
   202 | D:5      | Entered Level 5 of the Dungeon
   225 | D:5      | Got an ancient leather armour
   236 | D:5      | Identified the cursed +0 leather armour of the Barracuda {Int+4 Dex+3 Slay+5} (You found it on level 5 of the Dungeon)
   245 | D:5      | Reached XP level 3. HP: 10/33 MP: 2/2
   494 | D:7      | Reached XP level 4. HP: 39/41 MP: 3/3
   503 | D:7      | Reached skill level 5 in Long Blades
   509 | D:7      | Noticed an ogre
   516 | D:7      | HP: 2/41 [ogre/giant club (13)]
   518 | D:7      | Killed an ogre
   518 | D:7      | Reached XP level 5. HP: 3/47 MP: 4/4
   570 | D:6      | Found a shattered altar of Ashenzari.
   573 | D:6      | Became a worshipper of Ashenzari the Shackled
   573 | D:6      | Reached * piety under Ashenzari
   573 | D:6      | Reached ** piety under Ashenzari
   612 | D:6      | Reached skill level 5 in Fighting
   612 | D:6      | Reached skill level 1 in Axes
   641 | D:5      | Noticed Edmund
   661 | D:4      | Noticed Duvessa
   673 | D:4      | Noticed Dowan
   683 | D:4      | Killed Duvessa
   683 | D:4      | Reached XP level 6. HP: 14/56 MP: 5/5
   684 | D:4      | Killed Dowan
   695 | D:4      | Reached skill level 5 in Dodging
   697 | D:4      | Noticed a slave
   701 | D:4      | Noticed Pikel
   703 | D:4      | Killed a slave
   704 | D:4      | Killed from afar by Pikel

Vault maps used:
D:1:      tarquinn_simple_flora_water_b, minivault_24
D:2:      gammafunk_temple_overflow_pools, uniq_crazy_yiuf_cottage
D:4:      gup_sewer_entry_glass, uniq_menkaure, uniq_pikel, uniq_duvessa,
          uniq_grinder
D:5:      first_ration, okawaru_ov_weapons_minmay, uniq_edmund, uniq_eustachio
D:6:      lemuel_temple_firewalk_b, serial_shops, shop,
          nicolae_shop_behind_doors, shop_coins, shop_fountains,
          ashenzari_altar_1
D:7:      kennysheep_six_static_rooms

Skill      XL: |  1  2  3  4  5  6 |
---------------+-------------------+-----
Long Blades    | 4 5 |  5.9
Fighting       | 4 5 |  5.5
Dodging        | 4 5 |  5.0
Axes           | 2 3 |  3.2
Stealth        | |  1.5

Action                   |  1- 3 |  4- 6 || total
-------------------------+-------+-------++-------
Melee: Falchion          |    49 |     8 ||    57
       Headbutt          |     6 |     6 ||    12
       Battleaxe         |       |    12 ||    12
Evoke: Wand              |       |     5 ||     5
  Use: Scroll            |     5 |     2 ||     7
       Potion            |     1 |     1 ||     2
 Stab: Sleeping          |     1 |     1 ||     2
Armor: Robe              |     2 |       ||     2
       Leather armour    |     2 |     1 ||     3
Dodge: Dodged            |    28 |    12 ||    40
       Rpst.: Falchion   |     8 |     1 ||     9

Table legend:
 A = Spawn XP
 B = Non-spawn XP
 C = Spawn XP percentage of total XP
 D = Spawn monster count
 E = Non-spawn monster count
 F = Spawn count percentage of total count
 G = Total turns spent on level
                    A         B        C        D         E        F      G
               +---------+---------+-------+---------+---------+-------+---------
         Total |       0 |     601 |   0.0 |       0 |      29 |   0.0 |   704
               +---------+---------+-------+---------+---------+-------+---------
           D:2 |       0 |      12 |   0.0 |       0 |       8 |   0.0 |    95
           D:3 |       0 |      17 |   0.0 |       0 |       3 |   0.0 |    54
           D:4 |       0 |     274 |   0.0 |       0 |       6 |   0.0 |    80
           D:5 |       0 |      40 |   0.0 |       0 |       1 |   0.0 |   109
           D:6 |       0 |     120 |   0.0 |       0 |       7 |   0.0 |   113
           D:7 |       0 |     138 |   0.0 |       0 |       4 |   0.0 |   236
               +---------+---------+-------+---------+---------+-------+---------
